 Dungeon Crawl Stone Soup version 0.29.0-13-gc9e81de378 (webtiles) character file.

Game seed: 1770758888587473391

235 gelatine the Chopper (level 5, -2/41 HPs)
             Began as a Demonspawn Gladiator on Sept 9, 2022.
             Slain by Menkaure (6 damage)
             ... on level 5 of the Dungeon.
             The game lasted 00:05:21 (2289 turns).

gelatine the Chopper (Demonspawn Gladiator)         Turns: 2289, Time: 00:05:22

Health: -2/41      AC:  6    Str: 17    XL:     5   Next: 76%
Magic:  5/5        EV: 12    Int:  9    God:
Gold:   115        SH:  0    Dex: 14    Spells: 4/4 levels left

rFire   + . .      SeeInvis +   a - +0 war axe
rCold   . . .      Faith    .   (no shield)
rNeg    . . .      Spirit   .   q - +0 ring mail {rF+}
rPois   .          Reflect  .   c - +0 helmet
rElec   .          Harm     .   (no cloak)
rCorr   .          Rampage  .   (no gloves)
Will    .....                   (no boots)
Stlth   +.........              (no amulet)
HPRegen 0.13/turn               h - ring of see invisible
MPRegen 0.09/turn               (no ring)

@: no status effects
A: hooves 1, powered by pain 1
a: no special abilities


You were on level 5 of the Dungeon.
You visited 1 branch of the dungeon, and saw 4 of its levels.

You collected 115 gold pieces.

Inventory:

Hand Weapons
 a - a +0 war axe (weapon)
Missiles
 d - 3 throwing nets
 e - a javelin
 g - 16 poisoned darts
 m - 2 boomerangs (quivered)
 r - 2 curare-tipped darts
Armour
 b - a +0 leather armour
 c - a +0 helmet (worn)
 q - a +0 ring mail of fire resistance (worn)
Jewellery
 h - a ring of see invisible (left hand)
Scrolls
 f - a scroll of torment {unknown}
 j - a scroll of fog {unknown}
 l - a scroll of teleportation {unknown}
 n - 2 scrolls of identify {unknown}
 s - 3 scrolls of magic mapping {unknown}
 t - a scroll of enchant weapon {unknown}
Potions
 i - a potion of magic {unknown}
 k - a potion of flight {unknown}
 o - a potion of degeneration {unknown}
 p - a potion of cancellation {unknown}
 u - a potion of berserk rage {unknown}


   Skills:
 + Level 3.0 Fighting
 + Level 3.9 Axes
 + Level 2.7 Throwing
 + Level 2.1 Armour
 + Level 3.3 Dodging
 + Level 0.4 Stealth


You had 4 spell levels left.
You didn't know any spells.
Your spell library contained the following spells:

 Spells                   Type           Power      Damage    Failure   Level
 Ensorcelled Hibernation  Hex/Ice        0%         N/A       73%         2
 Spider Form              Tmut/Pois      0%         N/A       91%         3
 Anguish                  Hex/Necr       0%         N/A       100%        4


Dungeon Overview and Level Annotations

Branches:
Dungeon (5/15)
 Temple: D:4-7

Altars:

Shops:
D:1 ?   D:2 (

Annotations:
D:5 Menkaure


Innate Abilities, Weirdness & Mutations

You have large cloven feet.
You sometimes gain a little power by taking damage.


Message History

You see here a necrophage corpse.
Menkaure, Prince of Dust comes into view.
Menkaure shouts!
You hear an angry growl.
Menkaure casts a spell.
Menkaure seems to speed up.
You throw a boomerang. The boomerang hits Menkaure.
Menkaure is lightly damaged.
You hear an angry hiss.
A water moccasin comes into view.
Menkaure calls on the powers of darkness!
The water moccasin convulses!
Your body is wracked with pain!
You throw a boomerang. The boomerang hits the water moccasin.
The water moccasin is heavily wounded.
You throw a boomerang.
The boomerang hits the water moccasin but does no damage.
The water moccasin is heavily wounded.
A phantom comes into view.
You throw a boomerang. The boomerang hits the water moccasin!
The water moccasin is almost dead.
You throw a boomerang. The boomerang hits the water moccasin.
You kill the water moccasin!
Your Fighting skill increases to level 3!
Your Armour skill increases to level 2!
You throw a boomerang. The boomerang hits Menkaure.
Menkaure is lightly damaged.
You throw a boomerang. The boomerang hits Menkaure!
Menkaure is heavily damaged.
Menkaure hits you but does no damage.
You hit Menkaure. Your kick misses Menkaure.
Menkaure is heavily damaged.
Menkaure hits you!!
* * * LOW HITPOINT WARNING * * *
Menkaure barely misses you.
You barely miss Menkaure. Your kick misses Menkaure.
Menkaure is heavily damaged.
Menkaure hits you but does no damage.
You hit Menkaure.
Menkaure is severely damaged.
Menkaure hits you.
You die...

#.# #.#
#.# #.#
#.# #.#
#.# #.#
#.# #.#
#.# #.#
#.# #.#
..######.#
#.#
.....WM@.#
#.#
.#########
#.# #.#
#.# #.#
#.# #.#
#.# ####.#


You could see a phantom and Menkaure (fast).

Vanquished Creatures
  A water moccasin (D:5)
  A necrophage (D:5)
  A hound (D:5)
  Ijyb (D:4)
  Terence (D:2)
  2 gnolls (D:4)
  2 endoplasms
  3 goblins
  4 ball pythons
  A bat (D:1)
  A frilled lizard (D:2)
  2 kobolds (D:1)
  3 rats
23 creatures vanquished.

Notes
Turn   | Place    | Note
-------+----------+-------------------------------------------
     0 | D:1      | gelatine the Demonspawn Gladiator began the quest for the
                  | Orb.
     0 | D:1      | Reached XP level 1. HP: 16/16 MP: 1/1
   150 | D:1      | Found Xoisun's Magic Scroll Emporium.
   878 | D:2      | Gained mutation: You sometimes gain a little power by
                  | taking damage. [demonic ancestry]
   878 | D:2      | Reached XP level 2. HP: 22/22 MP: 2/2
   935 | D:2      | Found Soameywk's Weapon Emporium.
   952 | D:2      | Noticed Terence
   965 | D:2      | Killed Terence
   966 | D:2      | Reached XP level 3. HP: 11/28 MP: 3/3
  1193 | D:2      | You fall into a shaft and drop 2 floors!
  1333 | D:4      | Noticed Ijyb
  1343 | D:4      | Killed Ijyb
  1395 | D:5      | Entered Level 5 of the Dungeon
  1665 | D:4      | Reached skill level 1 in Armour
  1665 | D:4      | Gained mutation: You have large cloven feet. [demonic
                  | ancestry]
  1665 | D:4      | Reached XP level 4. HP: 30/34 MP: 4/4
  2082 | D:5      | Noticed a necrophage
  2100 | D:5      | Killed a necrophage
  2101 | D:5      | Reached XP level 5. HP: 26/40 MP: 5/5
  2279 | D:5      | Noticed Menkaure
  2280 | D:5      | Noticed a water moccasin
  2282 | D:5      | Noticed a phantom
  2284 | D:5      | Killed a water moccasin
  2289 | D:5      | Slain by Menkaure

Illustrated notes

Levels and vault maps discovered:
D:1:      minmay_arrival_open_corners, layout_loops_corners, serial_shops,
          nicolae_shop_trees
D:2:      layout_basic, hellmonk_ecumenical_altar_run_dry, serial_shops,
          nicolae_shop_trees, shop, nicolae_shop_hallway_plus,
          nicolae_shop_competitors_out_of_business,
          nicolae_shop_bloodbath_and_beyond, uniq_terence
D:4:      layout_loops_cross, lemuel_crystal_altar,
          mainiacjoe_overflow_cross_hatched, uniq_ijyb
D:5:      layout_basic, uniq_sigmund, uniq_menkaure

Skill      XL: |  1  2  3  4  5 |
---------------+----------------+-----
Axes           | 3 |  3.9
Throwing       | 2 |  2.7
Dodging        | 3 |  3.3
Armour         | 1 2 |  2.1
Fighting       | 3 |  3.0
Stealth        | |  0.4

Action                   |  1- 3 |  4- 6 || total
-------------------------+-------+-------++-------
Melee: War axe           |    46 |    20 ||    66
       Kick              |       |     7 ||     7
Throw: Boomerang         |    16 |    13 ||    29
       Throwing net      |     2 |       ||     2
Armor: Leather armour    |     9 |       ||     9
       Ring mail         |     4 |     7 ||    11
Dodge: Dodged            |    34 |    19 ||    53
